 Dungeon Crawl Stone Soup version 0.28-b1-1-g3c77fb2ed1 (webtiles) character file.

Game seed: 15754430882869462491

15668 McKennaii the Destroyer (level 11, -2/74 HPs)
             Began as a Demigod Conjurer on Jan 28, 2022.
             Slain by a komodo dragon (8 damage)
             ... on level 3 of the Lair of Beasts.
             The game lasted 00:28:22 (16059 turns).

McKennaii the Destroyer (Demigod Conjurer)         Turns: 16059, Time: 00:28:22

Health: -2/74      AC: 14    Str:  8    XL:     11   Next: 72%
Magic:  1/38       EV: 10    Int: 32    God:
Gold:   723        SH:  0    Dex: 17    Spells: 23/30 levels left

rFire   + + .      SeeInvis .   G - +7 spear "Fuivey Rakk" {vorpal, Dex+5 Stlth+}
rCold   . . .      Faith    .   (no shield)
rNeg    . . .      Spirit   .   s - +2 ring mail {rF+}
rPois   .          Reflect  .   v - +0 helmet
rElec   .          Harm     .   (no cloak)
rCorr   .          Rampage  .   t - +2 pair of gloves
Will    +....                   y - +1 pair of boots
Stlth   ++........              (no amulet)
HPRegen 0.22/turn               i - ring of magical power
MPRegen 0.26/turn               F - ring of protection from fire

@: studying 2 skills
A: high mp 1, forlorn, divine attributes
a: no special abilities


You were on level 3 of the Lair of Beasts.
You visited 2 branches of the dungeon, and saw 14 of its levels.
You also visited: Ossuary.

You collected 846 gold pieces.
You spent 123 gold pieces at shops.

Inventory:

Hand Weapons
 G - the +7 spear "Fuivey Rakk" (weapon) {vorpal, Dex+5 Stlth+}
   (You found it on level 9 of the Dungeon)

   It inflicts extra damage upon your enemies.
   Dex:       It affects your dexterity (+5).
   Stlth:     It makes you more stealthy.
 J - the +6 hand axe of Wibedes {vorpal, Str+4 SInv}
   (You found it on level 10 of the Dungeon)

   It inflicts extra damage upon your enemies.
   Str:       It affects your strength (+4).
   SInv:      It lets you see invisible.
 K - the +6 scimitar "Ruxerid" {holy, rF+ Will++ SInv}
   (You found it on level 1 of the Lair of Beasts)

   It has been blessed by the Shining One to cause great damage to the undead
   and demons.
   rF:        It protects you from fire.
   SInv:      It lets you see invisible.
   Will:      It greatly increases your willpower.
Armour
 s - a +2 ring mail of fire resistance (worn)
 t - a +2 pair of gloves (worn)
 v - a +0 helmet (worn)
 y - a +1 pair of boots (worn)
Jewellery
 i - a ring of magical power (left hand)
 z - a ring of fire
 F - a ring of protection from fire (right hand)
Wands
 u - a wand of polymorph (5)
 x - a wand of iceblast (6)
 A - a wand of flame (53)
 C - a wand of paralysis (6)
 I - a wand of digging (5)
Scrolls
 a - a scroll of enchant weapon {unknown}
 c - 3 scrolls of noise
 f - 2 scrolls of fog {unknown}
 g - a scroll of fear
 h - 2 scrolls of brand weapon
 j - a scroll of identify
 k - 3 scrolls of teleportation
 l - 5 scrolls of magic mapping
 m - a scroll of vulnerability {unknown}
 q - a scroll of holy word {unknown}
 w - 3 scrolls of amnesia
 D - 3 scrolls of immolation
 H - a scroll of torment {unknown}
Potions
 b - a potion of ambrosia
 d - 4 potions of heal wounds
 e - 2 potions of cancellation
 n - 4 potions of might
 o - 3 potions of curing
 p - 3 potions of mutation {unknown}
 r - 2 potions of lignification
 B - 2 potions of attraction {unknown}
 E - 2 potions of brilliance {unknown}


   Skills:
 - Level 4.0 Armour
 - Level 1.7 Dodging
 - Level 1.7 Stealth
 - Level 10.0 Spellcasting
 + Level 14.3 Conjurations
 - Level 2.0 Translocations


You had 23 spell levels left.
You knew the following spells:

 Your Spells              Type           Power      Damage    Failure   Level
a - Magic Dart            Conj           100%       1d8       1%          1
b - Searing Ray           Conj           100%       2d8       1%          2
c - Iskenderun's Mystic   Conj/Tloc      62%        2d13      3%          4

Your spell library contained the following spells:

 Spells                   Type           Power      Damage    Failure   Level
 Foxfire                  Conj/Fire      100%       2x1d9     1%          1
 Conjure Flame            Conj/Fire      58%        6-21      1%          3
 Dazzling Flash           Conj/Hex       100%       N/A       1%          3
 Flame Wave               Conj/Fire      58%        2d11      4%          4
 Fulminant Prism          Conj/Hex       29%        3d14      4%          4
 Beastly Appendage        Tmut           32%        N/A       9%          1
 Sublimation of Blood     Necr           16%        N/A       13%         2
 Wereblood                Tmut           16%        N/A       13%         2
 Irradiate                Conj/Tmut      29%        3d23      13%         5
 Confusing Touch          Hex            16%        N/A       26%         3
 Inner Flame              Hex/Fire       16%        N/A       26%         3
 Ozocubu's Armour         Ice            16%        N/A       26%         3
 Spider Form              Tmut/Pois      16%        N/A       26%         3
 Leda's Liquefaction      Hex/Erth       8%         N/A       63%         4
 Petrify                  Tmut/Erth      16%        N/A       63%         4
 Lee's Rapid Deconstruct  Erth           8%         3d8*      93%         5
 Metabolic Englaciation   Hex/Ice        8%         N/A       93%         5
 Yara's Violent Unravell  Hex/Tmut       8%         3d5       93%         5
 Simulacrum               Ice/Necr       8%         N/A       100%        6
 Statue Form              Tmut/Erth      10%        N/A       100%        6
 Enfeeble                 Hex            8%         N/A       100%        7
 Ozocubu's Refrigeration  Ice            8%         4d6       100%        7


Dungeon Overview and Level Annotations

Branches:
Dungeon (11/15)            Temple (0/1) D:5            Lair (2/6) D:9
 Spider (0/4) Lair:2          Orc (0/2) D:9         Ossuary (visited)
  Swamp: Lair:2-4    Shoals: Lair:2-4

Shops:
D:8 *

Annotations:
D:5 beigtais's ghost, novice DsFi


Innate Abilities, Weirdness & Mutations

You have an increased reservoir of magic. (+10% MP)
You shall have no god before yourself.
Your divine heritage dramatically boosts your attributes as you level up.


Message History

The komodo dragon barely misses you.
Unknown command.
You hit the komodo dragon.
The komodo dragon is severely wounded.
The komodo dragon bites you but does no damage.
Unknown command.
You hit the komodo dragon.
The komodo dragon is severely wounded.
The komodo dragon bites you!
* * * LOW HITPOINT WARNING * * *
Unknown command.
You feel much better.
The komodo dragon bites you but does no damage.
You hit the komodo dragon.
The komodo dragon is almost dead.
The komodo dragon bites you!
Unknown command.
You hit the komodo dragon but do no damage.
The komodo dragon is almost dead.
The komodo dragon bites you but does no damage. x2
Unknown command.
You barely miss the komodo dragon.
The komodo dragon is almost dead.
The komodo dragon bites you!!
* * * LOW HITPOINT WARNING * * *
Unknown command.
Casting: Iskenderun's Mystic Blast (dangerous; 3% risk of failure)
Confirm with . or Enter, or press ? or * to list all spells.
Aiming: Searing Ray (safe; 1% risk of failure)
Press: ? - help, Shift-Dir - straight line, f/p - komodo dragon
Aim: a komodo dragon (almost dead, 87% to hit)
The searing ray hits the komodo dragon.
The komodo dragon is almost dead. (Press . to maintain the ray.)
The komodo dragon bites you!
* * * LOW HITPOINT WARNING * * *
The searing ray hits the komodo dragon.
The komodo dragon is almost dead.
The komodo dragon bites you!
You die...

#.# .P.## ..
.... .
#.###... #.
#..#...
.##.##.....
[...#..#. #.
#......# #..
#.....##
#...#..†.l@#
#P.......###
.......†.##
.......†..#
#......†...#
####..........
##...........
#............
..............


You could see a komodo dragon.

Vanquished Creatures
  A hydra (Lair:1)
  The ghost of avis the Transmogrifier, a journeyman VSTm of Okawaru (Lair:1)
  A gargoyle (D:7)
  A torpor snail (Lair:2)
  4 cane toads (Lair:1)
  5 komodo dragons
  A rime drake (Lair:2)
  Maggie (D:8)
  A troll (D:10)
  24 yaks
  4 wyverns
  A steam dragon (D:9)
  An acid dragon (D:5)
  8 water moccasins
  7 orc warriors
  2 sky beasts (D:5)
  4 black bears
  A necrophage (D:6)
  4 ice beasts
  A centaur (D:8)
  4 ogres
  A phantom (D:4)
  An elf zombie (Ossuary)
  3 kobold brigands
  7 scorpions
  2 bullfrogs
  A gnoll sergeant (D:10)
  A wyvern skeleton (D:7)
  A water moccasin zombie (D:7)
  A water moccasin skeleton (D:5)
  13 killer bees
  14 wights
  3 howler monkeys (D:7)
  2 centaur zombies
  3 jellies
  2 bullfrog zombies (D:6)
  A hound (D:4)
  2 human zombies (Ossuary)
  A gnoll shaman (D:6)
  6 orc priests
  3 iguanas
  7 orc wizards
  A killer bee zombie (D:6)
  A bullfrog simulacrum (D:5)
  4 mummies (Ossuary)
  A howler monkey zombie (D:9)
  9 adders
  9 gnolls
  3 hound simulacra (D:5)
  A shadow imp (D:5)
  3 white imps
  A howler monkey simulacrum (D:5)
  2 ufetubi
  2 adder zombies (Ossuary)
  7 worms
  A dart slug (D:2)
  36 orcs
  10 bats
  4 endoplasms
  6 giant cockroaches
  4 goblins
  9 hobgoblins
  2 jackals (D:2)
  2 quokkas
  9 ball pythons
  3 frilled lizards (D:1)
  A gnoll zombie (Ossuary)
  A goblin zombie (Ossuary)
  A hobgoblin zombie (Ossuary)
  17 kobolds
  A kobold zombie (Ossuary)
  3 orc zombies (Ossuary)
  6 rats
312 creatures vanquished.

Vanquished Creatures (others)
  8 fungi
  7 plants
15 creatures vanquished.

Grand Total: 327 creatures vanquished

Notes
Turn   | Place    | Note
-------+----------+-------------------------------------------
     0 | D:1      | McKennaii the Demigod Conjurer began the quest for the Orb.
     0 | D:1      | Reached XP level 1. HP: 14/14 MP: 5/5
   357 | D:1      | Reached XP level 2. HP: 20/20 MP: 5/8
   966 | D:2      | Learned a level 2 spell: Searing Ray
  1046 | D:2      | Reached XP level 3. HP: 26/26 MP: 2/10
  1439 | D:2      | Reached XP level 4. HP: 33/33 MP: 6/12
  2026 | D:3      | Learned a level 4 spell: Iskenderun's Mystic Blast
  2909 | D:4      | Noticed a phantom
  2915 | D:4      | Killed a phantom
  2916 | D:4      | Reached skill level 5 in Spellcasting
  2916 | D:4      | Reached XP level 5. HP: 38/38 MP: 15/15
  2919 | D:4      | Found a sand-covered staircase.
  2957 | Ossuary  | Entered an ossuary
  3095 | Ossuary  | Reached XP level 6. HP: 27/45 MP: 12/17
  3437 | D:4      | Noticed a fire elemental
  3441 | D:4      | Noticed a water elemental
  3441 | D:4      | Noticed an air elemental
  3534 | D:4      | Reached skill level 4 in Conjurations
  3534 | D:4      | Reached skill level 1 in Translocations
  3587 | D:4      | Reached XP level 7. HP: 50/50 MP: 17/19
  3721 | D:4      | Reached skill level 5 in Conjurations
  4149 | D:5      | Entered Level 5 of the Dungeon
  4377 | D:5      | Reached skill level 6 in Conjurations
  4417 | D:5      | Noticed a yak
  4427 | D:5      | Killed a yak
  4516 | D:4      | Reached skill level 7 in Conjurations
  4516 | D:4      | Reached XP level 8. HP: 39/57 MP: 17/20
  4744 | D:5      | Reached skill level 8 in Conjurations
  4918 | D:5      | Found a staircase to the Ecumenical Temple.
  5043 | D:5      | Found a runed translucent gate.
  5043 | D:5      | Found a runed translucent gate.
  5043 | D:5      | Found a runed translucent gate.
  5110 | D:5      | Reached skill level 9 in Conjurations
  5358 | D:5      | Noticed beigtais's ghost (novice DsFi)
  5425 | D:5      | Reached XP level 9. HP: 62/62 MP: 21/21
  5468 | D:5      | Reached skill level 10 in Conjurations
  5701 | D:5      | Reached skill level 1 in Armour
  7944 | D:7      | Noticed a gargoyle
  7986 | D:7      | Killed a gargoyle
  8374 | D:8      | Reached XP level 10. HP: 14/69 MP: 20/26
  9599 | D:8      | Found Burarulo's General Store.
  9630 | D:8      | Bought a scroll of magic mapping for 45 gold pieces
  9630 | D:8      | Bought a scroll of teleportation for 39 gold pieces
  9630 | D:8      | Bought a potion of lignification for 39 gold pieces
  9648 | D:8      | Noticed Maggie
  9668 | D:8      | Killed Maggie
  9669 | D:8      | Reached skill level 10 in Spellcasting
 10349 | D:8      | Reached skill level 11 in Conjurations
 11560 | D:9      | Found a staircase to the Lair.
 11605 | D:9      | Found a staircase to the Orcish Mines.
 11623 | D:9      | Identified the +7 spear "Fuivey Rakk" {vorpal, Dex+5
                  | Stlth+}
 11841 | D:10     | Entered Level 10 of the Dungeon
 12708 | D:10     | Identified the +6 hand axe of Wibedes {vorpal, Str+4 SInv}
 13296 | D:11     | Noticed a centaur warrior
 13345 | Lair:1   | Entered Level 1 of the Lair of Beasts
 13354 | Lair:1   | Reached XP level 11. HP: 27/74 MP: 26/29
 13673 | Lair:1   | Reached skill level 12 in Conjurations
 14053 | Lair:1   | Found a runed translucent door.
 14053 | Lair:1   | Noticed avis's ghost (journeyman VSTm)
 14415 | Lair:1   | Reached skill level 13 in Conjurations
 14482 | Lair:1   | Noticed a five-headed hydra
 14491 | Lair:1   | Killed a five-headed hydra
 15229 | Lair:1   | Killed avis's ghost
 15237 | Lair:1   | Identified the +6 scimitar "Ruxerid" {holy, rF+ Will++
                  | SInv}
 15463 | Lair:2   | Found a hole to the Spider Nest.
 15679 | Lair:2   | Reached skill level 14 in Conjurations
 16021 | Lair:2   | You fall into a shaft and drop 1 floor!
 16059 | Lair:3   | Slain by a komodo dragon

Illustrated notes

Levels and vault maps discovered:
D:1:      minmay_arrival_jagged, layout_loops_ring
D:2:      layout_rooms, dreamdust_ecumenical_altar_grove
D:3:      layout_basic, minmay_fractal_squares_gapless_5
D:4:      layout_rooms, nicolae_qazlal_style_of_elements,
          chequers_ossuary_entry_cave, minmay_manual_moon
D:5:      minmay_opposing_rooms, layout_cave_pools,
          minmay_temple_entry_poolview, gammafunk_ghost_icy
D:6:      layout_basic, nicolae_figureground_sparkle
D:7:      layout_loops_ring, amcnicky_altar_gilded, hangedman_decor_growths,
          hex_large
D:8:      layout_loops_corners, serial_shops, nicolae_shop_hallway_plus,
          amcnicky_mini_corridor_feature, uniq_maggie
D:9:      layout_cross, mainiacjoe_overflow_chevrons, dpeg_oklobed_lair,
          david_orc_2, serial_park, serial_park_square2, serial_park_square1
          [serial_park_minivault_5x5_8], serial_park_square1
          [serial_park_minivault_5x5_2], serial_park_tiny_2,
          serial_park_tiny_pond, hellmonk_bongcloud_opening
D:10:     layout_layer_cave, nicolae_overflow_hallway_of_the_gods
D:11:     layout_roguey, uniq_erolcha, uniq_gastronok, uniq_josephine
Lair:1:   layout_gridlike, ebering_ghost_inner_flame
Lair:2:   layout_regular_city, nicolae_spider_entry_non_spiders
Lair:3:   minmay_guarded_unrand_snakebite, layout_misc_corridors,
          skrybe_swamp_entry_bodies, st_stairs_3,
          chequers_serial_rivers_micro_e, beast_lair_carwin_4

Skill      XL: |  1  2  3  4  5  6  7  8  9 10 11 |
---------------+----------------------------------+-----
Spellcasting   | 2 3 5 6 8 10 | 10.0
Conjurations   | 4 7 9 10 11 14 | 14.3
Translocations | 2 |  2.0
Armour         | 4 |  4.0
Dodging        | |  1.7
Stealth        | |  1.7

Action                   |  1- 3 |  4- 6 |  7- 9 | 10-12 || total
-------------------------+-------+-------+-------+-------++-------
Melee: Unarmed           |     3 |     4 |     2 |       ||     9
       Spear             |       |       |       |     5 ||     5
 Cast: Magic Dart        |    81 |    91 |   155 |   165 ||   492
       Searing Ray       |       |    12 |    78 |    91 ||   181
       Iskenderun's Myst |       |       |     9 |    40 ||    49
Evoke: Wand              |       |       |     2 |       ||     2
  Use: Scroll            |       |       |     9 |     2 ||    11
       Potion            |       |       |     1 |     2 ||     3
Armor: Robe              |     1 |    11 |    34 |     3 ||    49
       Ring mail         |       |       |       |    42 ||    42
Dodge: Dodged            |     3 |    21 |    79 |    81 ||   184
